 Dungeon Crawl Stone Soup version 0.30-a0-986-g7f2e898f52 (webtiles) character file.

Game seed: 8010091321415364409

30 dredge the Slasher (level 3, -5/43 HPs)
             Began as a Human Berserker on Apr 2, 2023.
             Was a Follower of Trog.
             Slain by Sigmund
             ... wielding a +1 scythe of protection
              (12 damage)
             ... on level 2 of the Dungeon.
             The game lasted 00:01:36 (629 turns).

dredge the Slasher (Human Berserker)                 Turns: 629, Time: 00:01:37

Health: -5/43      AC:  5    Str: 19    XL:     3   Next: 37%
Magic:  3/3        EV: 11    Int:  7    God:    Trog [*.....]
Gold:   36         SH:  0    Dex: 12    Spells: 2/2 levels left

rFire   . . .      SeeInvis .    a - +0 falchion
rCold   . . .      Faith    .    (no shield)
rNeg    . . .      Spirit   .    d - +0 ring mail
rPois   .          Reflect  .    (no helmet)
rElec   .          Rampage  .    (no cloak)
rCorr   .                        (no gloves)
Will    .....                    (no boots) Stlth
                                 (no amulet)
HPRegen 0.27/turn                (no ring)
MPRegen 0.08/turn                (no ring)

@: berserking, very quick
A: no striking features
a: Renounce Religion, Berserk


You were on level 2 of the Dungeon.
You worshipped Trog.
Trog was aware of your devotion.
You visited 1 branch of the dungeon, and saw 2 of its levels.

You collected 36 gold pieces.

Inventory:

Hand Weapons
 a - a +0 falchion (weapon)
Armour
 d - a +0 ring mail (worn)
Potions
 c - 2 potions of curing {unknown}


   Skills:
 + Level 3.3 Fighting
 + Level 3.5 Long Blades
 + Level 2.2 Armour
 + Level 2.2 Dodging


You had 2 spell levels left.
You didn't know any spells.
Your spell library contained the following spells:

 Spells                   Type           Power      Damage    Failure   Level
 Slow                     Hex            0%         N/A       61%         1
 Confusing Touch          Hex            0%         N/A       93%         3
 Vampiric Draining        Necr           0%         2d6       93%         3


Dungeon Overview and Level Annotations

Branches:
Dungeon (2/15)

Altars:

Annotations:
D:2 Sigmund


Message History

You see here a scroll labelled BEURPH NUNUKO.
You barely miss the adder.
You feel less confused.
You feel sick. The adder bites you but does no damage. The adder bites you. x2
You feel sick.
You are no longer poisoned.
The adder bites you.
* * * LOW HITPOINT WARNING * * *
The adder attacks as you move away! The adder closely misses you.
The adder attacks as you move away! The adder closely misses you.
The adder attacks as you move away! The adder closely misses you.
The adder barely misses you.
A red film seems to cover your vision as you go berserk!
You feel yourself moving faster!
You feel mighty! The adder bites you.
* * * LOW HITPOINT WARNING * * *
You barely miss the adder. Sigmund closely misses you.
The adder completely misses you.
You slash the adder!
The adder is severely wounded.
The adder misses you.
You slash the adder!
You kill the adder!
Trog accepts your kill. Sigmund hits you but does no damage.
You miss the adder. The adder closely misses you.
You closely miss the adder. The adder barely misses you.
Sigmund barely misses you.
You barely miss the adder. The adder bites you but does no damage.
You closely miss the adder. The adder barely misses you.
Sigmund hits you from afar with a +1 scythe of protection.
* * * LOW HITPOINT WARNING * * *
You miss the adder. The adder barely misses you.
You barely miss the adder. The adder barely misses you.
Sigmund casts a spell.
Sigmund flickers and vanishes!
Deactivating autopickup; reactivate with Ctrl-A.
You miss the adder. The adder bites you.
* * * LOW HITPOINT WARNING * * *
Something hits you!
You die...

#.............
#....<........
#...?.........
#.............
#...........?.
##...?........
##.{SJ......#
###S########
#@# #....#
####.# #


You could see 2 adders and an endoplasm.

Vanquished Creatures
  An adder (D:2)
  A dart slug (D:1)
  3 bats (D:1)
  2 giant cockroaches (D:1)
  A goblin (D:1)
  2 hobgoblins (D:1)
  2 jackals (D:1)
  A quokka (D:1)
  2 ball pythons (D:1)
  3 frilled lizards (D:1)
18 creatures vanquished.

Notes
Turn   | Place    | Note
-------+----------+-------------------------------------------
     0 | D:1      | dredge the Human Berserker began the quest for the Orb.
     0 | D:1      | Reached XP level 1. HP: 18/18 MP: 1/1
    14 | D:1      | Noticed a minotaur skeleton
   102 | D:1      | Reached XP level 2. HP: 17/24 MP: 2/2
   527 | D:1      | Reached XP level 3. HP: 27/29 MP: 3/3
   609 | D:2      | Noticed Sigmund
   629 | D:2      | Slain by Sigmund

Illustrated notes

Levels and vault maps discovered:
D:1:      shiori_arrival_whats_in_store_for_you, layout_rooms,
          roderic_serpentine_path
D:2:      layout_rooms, serial_shops, nicolae_shop_behind_doors,
          grunt_decor_one_mirror, kennysheep_generic_room_6, uniq_sigmund,
          uniq_natasha

Action                     || total
---------------------------++-------
  Melee: Falchion          ||    60
 Invoke: Berserk           ||     1
 Armour: Ring mail         ||    26
  Dodge: Dodged            ||    60

Table legend: (Time is in decaauts)
 A = Elapsed time spent in this place.
 B = Non-inter-level travel time spent in this place.
 C = Inter-level travel time spent in this place.
 D = Time resting spent in this place.
 E = Time spent auto-exploring this place.
 F = Levels seen in this place.
 G = Mean time per level.
                   A        B        C        D        E       F      G
               +--------+--------+--------+--------+--------+-----+--------+
         Total |    633 |    606 |     27 |      0 |    473 |   2 |  316.5 |
       Dungeon |    633 |    606 |     27 |      0 |    473 |   2 |  316.5 |
               +--------+--------+--------+--------+--------+-----+--------+

Top non-repeatable levels by time:
     D:1: 615 daAuts
     D:2: 17 daAuts
